 Seeded DCSS version 0.29.1-13-g9f3cf754e1 (webtiles) character file.

Game seed: 8611483013522864996 (custom seed)

590 hbarley the Chopper (level 7, -5/61 HPs)
             Began as a Hill Orc Fighter on Feb 3, 2023.
             Was a Believer of Uskayaw.
             Succumbed to Edmund's poison
             ... on level 5 of the Dungeon.
             The game lasted 00:10:11 (4657 turns).

hbarley the Chopper (Hill Orc Fighter)              Turns: 4657, Time: 00:10:12

Health: -5/61      AC: 20    Str: 21    XL:     7   Next: 39%
Magic:  5/7        EV:  9    Int: 12    God:    Uskayaw [**....]
Gold:   864        SH:  5    Dex: 12    Spells: 6/6 levels left

rFire   . . .      SeeInvis .   a - +0 war axe
rCold   . . .      Faith    .   c - +0 buckler
rNeg    . . .      Spirit   +   b - +0 scale mail
rPois   .          Reflect  .   A - +0 helmet
rElec   .          Harm     .   z - +2 cloak of the Wilderness {rCorr Str+2 Int+4}
rCorr   +          Rampage  .   n - +0 pair of gloves
Will    .....                   (no boots)
Stlth   ..........              l - amulet of guardian spirit
HPRegen 0.20/turn               r - +4 ring of protection
MPRegen 0.10/turn               x - +4 ring of protection

@: lethally poisoned (-5 -> -27)
A: no striking features
a: Renounce Religion, Stomp, Line Pass


You were on level 5 of the Dungeon.
You worshipped Uskayaw.
Uskayaw was noncommittal.
You visited 1 branch of the dungeon, and saw 5 of its levels.
You also visited: Ossuary.

You collected 864 gold pieces.

Inventory:

Hand Weapons
 a - a +0 war axe (weapon)
Missiles
 s - 2 throwing nets (quivered)
Armour
 b - a +0 scale mail (worn)
 c - a +0 buckler (worn)
 j - a +0 cloak of preservation
 n - a +0 pair of gloves (worn)
 u - a +0 ring mail
 z - the +2 cloak of the Wilderness (worn) {rCorr Str+2 Int+4}
   (You found it on level 4 of the Dungeon)

   Str:       It affects your strength (+2).
   Int:       It affects your intelligence (+4).
   rCorr:     It protects you from acid and corrosion.
 A - a +0 helmet (worn)
Jewellery
 l - an amulet of guardian spirit (around neck)
 r - a +4 ring of protection (left hand)
 w - a ring of wizardry
 x - a +4 ring of protection (right hand)
Scrolls
 e - a scroll of summoning
 f - a scroll of identify
 h - a scroll of fear
 i - 6 scrolls of teleportation
 m - a scroll of enchant armour {unknown}
 o - 3 scrolls of magic mapping
 p - a scroll of poison {unknown}
 y - 3 scrolls of enchant weapon
 F - a scroll of vulnerability {unknown}
 G - a scroll of blinking {unknown}
 H - a scroll of silence {unknown}
 I - a scroll of brand weapon {unknown}
Potions
 d - 3 potions of might
 g - 4 potions of degeneration
 k - 5 potions of heal wounds
 q - 2 potions of haste
 t - a potion of brilliance {unknown}
 v - a potion of attraction {unknown}
 B - a potion of flight {unknown}
 C - 2 potions of mutation
 D - 2 potions of cancellation
 E - 3 potions of ambrosia


   Skills:
 + Level 5.4 Fighting
 + Level 7.1 Axes
 + Level 4.9 Armour
 + Level 0.7 Dodging
 + Level 1.7 Stealth
 + Level 3.9 Shields


You had 6 spell levels left.
You didn't know any spells.
Your spell library contained the following spells:

 Spells                   Type           Power      Damage    Failure   Level
 Fireball                 Conj/Fire      0%         3d3       100%        5
 Starburst                Conj/Fire      0%         6d3       100%        6
 Ignition                 Fire           0%         3d3       100%        8


Dungeon Overview and Level Annotations

Branches:
Dungeon (5/15)             Temple (0/1) D:4         Ossuary (visited)

Altars:
Nemelex Xobeh
Uskayaw
Xom
Yredelemnul
Zin
The Shining One

Annotations:
D:5 Edmund


Message History

Something bites your orc priest. Something claws your orc priest. x2
Your adder bites Edmund but does no damage.
Edmund hits you but does no damage.
You are lethally poisoned!
Your orc wizard points at Edmund and mumbles some strange words.
The magic dart hits Edmund!
Your orc priest misses Edmund.
Something bites your orc priest!
Your orc priest dies!
Your orc priest's corpse dissolves into shadows!
Your adder bites Edmund.
You barely miss Edmund.
Edmund is severely wounded.
* * * LOW HITPOINT WARNING * * *
You feel very sick.
Edmund hits you with a +2 flail of venom.
* * * LOW HITPOINT WARNING * * *
You are more poisoned.
Your adder bites Edmund but does no damage.
Your orc wizard hits Edmund with a +0 dagger.
The black bear bites your orc wizard. The black bear claws your orc wizard.
The black bear claws your orc wizard!
You hit Edmund but do no damage.
Edmund is severely wounded.
* * * LOW HITPOINT WARNING * * *
You feel extremely sick.
Your adder bites Edmund but does no damage.
Edmund hits you with a +2 flail of venom.
* * * LOW HITPOINT WARNING * * *
You are more poisoned.
The black bear misses your orc wizard.
The black bear barely misses your orc wizard. x2
Your orc wizard hits the black bear but does no damage.
Your adder barely misses Edmund.
Edmund closely misses you.
The black bear rages.
The black bear closely misses your orc wizard.
The black bear barely misses your orc wizard.
The black bear claws your orc wizard but does no damage.
You slash Edmund!
Edmund is almost dead.
You die...

####..###########
.................
..####....####
..#######.##
.......##..#######
)......###.......#
.......# #####...#
.......# #...###
..)....# #..@@o#
.......# #..S#h#
.......#
#...#.......#
########
#...#.......#
#...#.......#
#####...#!###
#...#.# #...# .
#...# #


You could see Edmund (ally target), a black bear (berserk, ally target), a
friendly orc wizard (summoned, invisible) and a friendly adder (summoned).

Vanquished Creatures
  An ice beast (D:5)
  An ogre (D:4)
  A scorpion (D:4)
  A necrophage (D:5)
  A hound (D:4)
  A human zombie (Ossuary)
  2 orc wizards
  A hound zombie (Ossuary)
  4 mummies (Ossuary)
  3 adders
  2 adder zombies (Ossuary)
  4 worms (D:2)
  3 dart slugs
  9 orcs
  4 ball pythons
  4 bats
  2 endoplasms
  2 giant cockroaches (D:2)
  3 gnoll zombies (Ossuary)
  6 hobgoblins
  5 jackals
  5 kobolds
  6 quokkas
  2 frilled lizards (D:1)
  7 goblins
  A hobgoblin zombie (Ossuary)
  A jackal zombie (Ossuary)
  A kobold zombie (Ossuary)
  An orc zombie (Ossuary)
  4 rats
  A rat zombie (Ossuary)
89 creatures vanquished.

Notes
Turn   | Place    | Note
-------+----------+-------------------------------------------
     0 | D:1      | hbarley the Hill Orc Fighter began the quest for the Orb.
     0 | D:1      | Reached XP level 1. HP: 19/19 MP: 1/1
   207 | D:1      | Reached XP level 2. HP: 18/27 MP: 2/2
   353 | D:1      | Reached skill level 3 in Axes
   451 | D:1      | Found a faded altar of an unknown god.
   690 | D:2      | Reached XP level 3. HP: 32/33 MP: 3/3
  1182 | D:2      | Reached XP level 4. HP: 38/40 MP: 4/4
  1408 | D:2      | Reached skill level 4 in Axes
  1946 | D:3      | Found a basalt altar of Yredelemnul.
  2220 | D:3      | Found a sparkling altar of Nemelex Xobeh.
  2220 | D:3      | Found a hide-covered altar of Uskayaw.
  2234 | D:3      | Found a faded altar of an unknown god.
  2237 | D:3      | Became a worshipper of Uskayaw the Reveller
  2241 | D:3      | Found a faded altar of an unknown god.
  2243 | D:3      | Found a shimmering altar of Xom.
  2503 | D:4      | Found a staircase to the Ecumenical Temple.
  2560 | D:4      | Found a glowing golden altar of the Shining One.
  2576 | D:4      | Identified the +2 cloak of the Wilderness {rCorr Str+2
                  | Int+4}
  2588 | D:4      | Reached * piety under Uskayaw
  2730 | D:4      | Found a glowing silver altar of Zin.
  2767 | D:4      | Reached ** piety under Uskayaw
  2771 | D:4      | Reached *** piety under Uskayaw
  2773 | D:4      | Reached XP level 5. HP: 32/47 MP: 5/5
  2807 | D:4      | Found a sand-covered staircase.
  2816 | Ossuary  | Entered an ossuary
  2827 | Ossuary  | Reached **** piety under Uskayaw
  2833 | Ossuary  | Reached skill level 5 in Axes
  3247 | Ossuary  | Reached XP level 6. HP: 30/55 MP: 6/6
  3431 | Ossuary  | Reached skill level 1 in Stealth
  3554 | Ossuary  | Identified 2 scrolls of acquirement
  3555 | Ossuary  | Acquired 646 gold pieces
  3556 | Ossuary  | Acquired an amulet of guardian spirit
  3984 | D:4      | Reached skill level 5 in Fighting
  4211 | D:4      | Reached skill level 6 in Axes
  4395 | D:5      | Entered Level 5 of the Dungeon
  4416 | D:5      | Noticed an ice beast
  4428 | D:5      | Killed an ice beast
  4429 | D:5      | Reached XP level 7. HP: 52/61 MP: 5/7
  4488 | D:5      | Reached skill level 7 in Axes
  4641 | D:5      | Noticed Edmund
  4656 | D:5      | HP: 2/61 [poisoned by Edmund]
  4657 | D:5      | Succumbed to Edmund's poison

Illustrated notes

Levels and vault maps discovered:
D:1:      dpeg_arrival_fog, layout_basic, chequers_ecumenical_altar_simple
D:2:      layout_loops_cross, grunt_decor_clamped, grunt_decor_junction,
          kennysheep_generic_room_13
D:3:      layout_loops_ring, mainiacjoe_overflow_paths,
          chequers_temple_overflow_minitemple
D:4:      layout_basic, lemuel_round_altar, lemuel_tele_altar,
          minmay_temple_entry_wispy, nicolae_ossuary_entry_ruins
D:5:      layout_basic, dk_vineyard_2, uniq_edmund

Skill      XL: |  1  2  3  4  5  6  7 |
---------------+----------------------+-----
Axes           | 3 4 5 6 7 |  7.1
Fighting       | 4 5 |  5.4
Armour         | 4 |  4.9
Stealth        | 1 |  1.7
Dodging        | |  0.7
Shields        | |  3.9

Action                   |  1- 3 |  4- 6 |  7- 9 || total
-------------------------+-------+-------+-------++-------
Melee: War axe           |    95 |   169 |    25 ||   289
  Use: Scroll            |       |    14 |     1 ||    15
       Potion            |       |       |     1 ||     1
 Stab: Paralysed         |       |     9 |     1 ||    10
Armor: Scale mail        |    50 |    95 |    38 ||   183
Dodge: Dodged            |    48 |    83 |    10 ||   141
Block: Buckler           |    17 |    46 |     7 ||    70
